 Dungeon Crawl Stone Soup version 0.30-a0-1160-g6e42c06551 (webtiles) character file.

Game seed: 16789256142440475671

113 cheesebisquit the Ruffian (level 4, -7/40 HPs)
             Began as a Ghoul Monk on Apr 25, 2023.
             Killed by divine providence
             ... invoked by an orc priest
              (14 damage)
             ... on level 3 of the Dungeon.
             The game lasted 00:08:27 (1550 turns).

cheesebisquit the Ruffian (Ghoul Monk)              Turns: 1550, Time: 00:08:28

Health: -7/40      AC: 11    Str: 15 (16) XL:     4   Next: 96%
Magic:  3/3        EV:  9    Int:  1 (5)  God:
Gold:   161        SH:  3    Dex:  9 (11) Spells: 3/3 levels left

rFire   + . .        i - +2 whip (venom)
rCold   + . .        g - +0 buckler
rNeg    + + +        b - +2 scale mail {rF+}
rPois   ∞            (no helmet)
rElec   .            k - +2 cloak
rCorr   .            (no gloves)
SInv    .            (no boots)
Will    .....        (no amulet) Stlth
                     a - +4 ring of slaying
HPRegen 0.00/turn    (no ring)
MPRegen 0.08/turn

%: no passive effects
@: mighty, inhibited regen, hasted, very quick
A: claws 1, cold resistance 1, negative energy resistance 3, inhibited
regeneration, torment resistance 2, devour on kill
a: no special abilities


You were on level 3 of the Dungeon.
You visited 1 branch of the dungeon, and saw 3 of its levels.

You collected 161 gold pieces.

Inventory:

Hand Weapons
 i - a +2 whip of venom (weapon)
 o - a +2 dagger of protection
 r - a +1 dagger of draining
Missiles
 p - 4 boomerangs (quivered)
Armour
 b - a +2 scale mail of fire resistance (worn)
 g - a +0 buckler (worn)
 k - a +2 cloak (worn)
Jewellery
 a - a +4 ring of slaying (left claw)
Scrolls
 c - 2 scrolls of fear {unknown}
 e - 2 scrolls of poison {unknown}
 f - a scroll of silence {unknown}
 h - a scroll of fog {unknown}
 m - a scroll of blinking {unknown}
 n - a scroll of teleportation {unknown}
 s - a scroll of vulnerability {unknown}
 t - a scroll of identify {unknown}
 v - a scroll of magic mapping {unknown}
Potions
 l - a potion of curing
 u - a potion of mutation


   Skills:
 + Level 3.9 Fighting
 + Level 1.0 Throwing
 + Level 3.2 Dodging
 + Level 0.8 Shields
 * Level 4.6 Unarmed Combat


You had 3 spell levels left.
You didn't know any spells.
Your spell library contained the following spells:

 Spells                   Type           Power      Damage    Failure   Level
 Frozen Ramparts          Ice            0%         1d1       100%        3
 Summon Ice Beast         Ice/Summ       0%         N/A       100%        4
 Ice Form                 Ice/Tmut       Unusable   N/A       N/A         4

Dungeon Overview and Level Annotations

Branches:
Dungeon (3/15)

Altars:
Hepliaklqana

Shops:
D:1 *


Innate Abilities, Weirdness & Mutations

You are immune to poison.
You have sharp fingernails.
Your flesh is cold resistant. (rC+)
You are immune to negative energy. (rN+++)
You do not regenerate when monsters are visible.
You are immune to unholy pain and torment.
You thrive by killing the living.


Message History

The orc priest barely misses you.
You barely miss the orc priest. The orc priest barely misses you.
The orc priest calls upon Beogh to heal the orc priest.
The orc priest's wounds heal themselves!
You miss the orc priest. The orc priest hits you with a +0 whip.
The orc priest hits you but does no damage.
Something hits you.
* * * LOW HITPOINT WARNING * * *
It was a potion of curing.
You feel better.
The orc priest hits you but does no damage.
Something hits you but does no damage.
The orc priest hits you with a +0 dagger.
It was a potion of mutation.
You feel extremely strange.
Your body decomposes!
You feel dopey.
Your body decomposes!
You feel clumsy. The orc priest closely misses you.
The orc priest hits you but does no damage.
Something hits you but does no damage.
It was a potion of degeneration.
There was something very wrong with that liquid.
You feel weakened.
You feel dopey.
You feel clumsy.
The orc priest hits you but does no damage. x2
Something hits you.
* * * LOW HITPOINT WARNING * * *
It was a potion of might.
You feel very mighty all of a sudden. The orc priest hits you with a +0 whip.
* * * LOW HITPOINT WARNING * * *
The orc priest hits you but does no damage.
Something hits you but does no damage.
It was a potion of haste.
You feel yourself speed up.
The orc priest hits you but does no damage. x2
You hear some strange, mumbled words.
Something tries to affect you, but you resist.
You closely miss the orc priest.
The orc priest calls down the wrath of Beogh upon you.
Beogh smites you!
You die...

.... #.... ....
#.... .... ..[.###
#..# .[.:.########
...####
#............
#.....##
#............
#⌠..#..###
#............
###.##...#
#..{oo.......
+'')####.#
#...@........
###.#
#.####............
#⌠..#
#...##....########
#...# ###..'.(..#
...## ####....#
#### #..### # ##.#
# #.. #...


You could see 2 orc priests.

Vanquished Creatures
  A gnoll (D:2)
  2 adders (D:2)
  3 worms
  2 dart slugs (D:2)
  2 orcs (D:3)
  7 ball pythons
  5 endoplasms
  A giant cockroach (D:2)
  4 goblins
  6 hobgoblins
  4 jackals (D:2)
  7 kobolds
  6 quokkas
  5 bats
  2 frilled lizards
  7 rats
64 creatures vanquished.

Notes
Turn   | Place    | Note
-------+----------+-------------------------------------------
     0 | D:1      | cheesebisquit the Ghoul Monk began the quest for the Orb.
     0 | D:1      | Reached XP level 1. HP: 19/19 MP: 0/0
    42 | D:1      | Reached XP level 2. HP: 26/26 MP: 1/1
    92 | D:1      | Found Fiusk's General Store.
   275 | D:1      | Reached XP level 3. HP: 9/31 MP: 2/2
   278 | D:1      | Reached skill level 4 in Unarmed Combat
   885 | D:2      | Reached XP level 4. HP: 40/40 MP: 3/3
  1469 | D:3      | Found a hazy altar of Hepliaklqana.
  1540 | D:3      | Reached skill level 1 in Throwing
  1550 | D:3      | Killed from afar by an orc priest

Illustrated notes

Levels and vault maps discovered:
D:1:      lightli_arrival_flooded_house, layout_rooms, serial_shops, shop,
          nicolae_eternal_life, minmay_tromino_mix6
D:2:      minmay_angry_zag, layout_basic, minmay_unequal
D:3:      layout_basic, mainiacjoe_overflow_alcove_1, serial_shops,
          nicolae_shop_real_fake_doors, gup_sewer_entry_bubbles,
          shapermc_ecumenical_altar_pompeii

Skill      XL: |  1  2  3  4 |
---------------+-------------+-----
Dodging        | 3 |  3.2
Unarmed Combat | 4 |  4.6
Throwing       | 1 |  1.0
Fighting       | |  3.9
Shields        | |  0.8

Action                     |  1- 3 |  4- 6 || total
---------------------------+-------+-------++-------
  Melee: Unarmed           |    70 |       ||    70
         Whip              |     8 |    31 ||    39
  Throw: Boomerang         |    11 |    46 ||    57
    Use: Potion            |     1 |     5 ||     6
 Armour: Robe              |    10 |       ||    10
         Scale mail        |     6 |    25 ||    31
  Dodge: Dodged            |    77 |    15 ||    92
  Block: Buckler           |     1 |     1 ||     2

Table legend: (Time is in decaauts)
 A = Elapsed time spent in this place.
 B = Non-inter-level travel time spent in this place.
 C = Inter-level travel time spent in this place.
 D = Time resting spent in this place.
 E = Time spent auto-exploring this place.
 F = Levels seen in this place.
 G = Mean time per level.
                   A        B        C        D        E       F      G
               +--------+--------+--------+--------+--------+-----+--------+
         Total |   1571 |   1487 |     84 |      0 |   1082 |   3 |  523.7 |
       Dungeon |   1571 |   1487 |     84 |      0 |   1082 |   3 |  523.7 |
               +--------+--------+--------+--------+--------+-----+--------+

Top non-repeatable levels by time:
     D:1: 756 daAuts
     D:2: 591 daAuts
     D:3: 224 daAuts
